| TOP OF THE 1ST |
|
Reno Silver Sox batting - Pitching for Lodi Crushers : RHP Homer Moncrief
|
|
Pitching: RHP Homer Moncrief
|
|
|
Batting: RHB Lemmie Miller
|
0-0: Ball 1-0: Foul Ball, location: 2F 1-1: Called Strike 1-2: Fly out, F9 (Flyball, 89D, EV 84.4 MPH)
|
|
Batting: RHB Rod Hobbs
|
0-0: SINGLE (Line Drive, 34D, EV 105.6 MPH)
|
|
Batting: LHB Victor Diaz
|
0-0: Ball 1-0: Called Strike 1-1: Ball 2-1: Swinging Strike 2-2: Ball 3-2: Base on Balls Rod Hobbs to second
|
|
Batting: LHB Mike Hocutt
|
0-0: Called Strike 0-1: Ball 1-1: Fielders Choice at 2nd, 4-6 (Groundball, 34, EV 81.3 MPH) Rod Hobbs to third
|
|
Batting: RHB Luis Cabanas
|
0-0: Fly out, F8 (Flyball, 8LD, EV 99.4 MPH)
|
| Top of the 1st over - 0 runs, 1 hit, 0 errors, 2 left on base; Reno 0 - Lodi 0 |
| BOTTOM OF THE 1ST |
|
Lodi Crushers batting - Pitching for Reno Silver Sox : RHP Rodger Cole
|
|
Pitching: RHP Rodger Cole
|
|
|
Batting: LHB Kal Daniels
|
0-0: Ball 1-0: Ball 2-0: Called Strike 2-1: Swinging Strike 2-2: Foul Ball, location: 2F 2-2: Foul Ball, location: 2F 2-2: Foul Ball, location: 2F 2-2: Foul Ball, location: 2F 2-2: Reached on error, E3 (Groundball, 3, EV 103.8 MPH)
|
|
Batting: RHB Dave Lebeau
|
0-0: Ball 1-0: Fly out, F9 (Line Drive, 9D, EV 100.6 MPH)
|
|
Batting: RHB Carmelo Martinez
|
0-0: Called Strike Kal Daniels steals 2nd base (no throw) 0-1: Foul Ball, location: 2F 0-2: Ball 1-2: Fly out, F7 (Flyball, 7LM, EV 80.0 MPH)
|
|
Batting: LHB Fred McGriff
|
0-0: DOUBLE (Line Drive, 89D, EV 103.8 MPH) Kal Daniels scores
|
|
Batting: RHB Terry McGriff
|
0-0: Fly out, F8 (Flyball, 8RM, EV 96.3 MPH)
|
| Bottom of the 1st over - 1 run, 1 hit, 1 error, 1 left on base; Reno 0 - Lodi 1 |
| TOP OF THE 2ND |
|
Reno Silver Sox batting - Pitching for Lodi Crushers : RHP Homer Moncrief
|
|
Batting: RHB Bill Crone
|
0-0: Ball 1-0: Ground out U3 (Groundball, 34, EV 87.5 MPH)
|
|
Batting: LHB Kevin Rigby
|
0-0: Foul Ball, location: 2F 0-1: Swinging Strike 0-2: Ball 1-2: Ground out 1-3 (Groundball, 34S, EV 70.0 MPH)
|
|
Batting: LHB Gregory Shirley
|
0-0: Ball 1-0: Foul Ball, location: 2F 1-1: Foul Ball, location: 2F 1-2: Foul Ball, location: 2F 1-2: SINGLE (Groundball, 4MD, EV 101.3 MPH)
|
|
Batting: LHB Andrew Timko
|
0-0: Foul Ball, location: 2F 0-1: Called Strike 0-2: Foul Ball, location: 2F 0-2: Ball 1-2: Foul Ball, location: 2F 1-2: Ball 2-2: Foul Ball, location: 2F 2-2: Ball 3-2: Fly out, F7 (Flyball, 78D, EV 92.5 MPH)
|
| Top of the 2nd over - 0 runs, 1 hit, 0 errors, 1 left on base; Reno 0 - Lodi 1 |
| BOTTOM OF THE 2ND |
|
Lodi Crushers batting - Pitching for Reno Silver Sox : RHP Rodger Cole
|
|
Batting: RHB Mark Van Blaricom
|
0-0: Ball 1-0: Ball 2-0: Foul Ball, location: 2F 2-1: Ball 3-1: Base on Balls
|
|
Batting: RHB Ron Karkovice
|
0-0: Called Strike 0-1: Ball 1-1: Ball 2-1: Grounds into double play, 6-4-3 (Groundball, 6M, EV 101.9 MPH)
|
|
Batting: LHB Jeff Reed
|
0-0: Called Strike 0-1: Swinging Strike 0-2: Ball 1-2: Strikes out swinging
|
| Bottom of the 2nd over - 0 runs, 0 hits, 0 errors, 0 left on base; Reno 0 - Lodi 1 |
| TOP OF THE 3RD |
|
Reno Silver Sox batting - Pitching for Lodi Crushers : RHP Homer Moncrief
|
|
Batting: RHB Lemmie Miller
|
0-0: Ball 1-0: DOUBLE (Groundball, 3L, EV 106.3 MPH)
|
|
Batting: RHB Rod Hobbs
|
0-0: Ground out 5-3 (Groundball, 56, EV 77.5 MPH)
|
|
Batting: LHB Victor Diaz
|
0-0: Ground out 6-3 (Groundball, 56, EV 86.3 MPH)
|
|
Batting: LHB Mike Hocutt
|
0-0: Ball 1-0: Ball 2-0: Foul Ball, location: 2F 2-1: Called Strike 2-2: Strikes out swinging
|
| Top of the 3rd over - 0 runs, 1 hit, 0 errors, 1 left on base; Reno 0 - Lodi 1 |
| BOTTOM OF THE 3RD |
|
Lodi Crushers batting - Pitching for Reno Silver Sox : RHP Rodger Cole
|
|
Batting: RHB Chris Baker
|
0-0: Swinging Strike 0-1: Ball 1-1: Ground out 1-3 (Groundball, 34S, EV 62.5 MPH)
|
|
Batting: LHB Kal Daniels
|
0-0: Called Strike 0-1: Foul Ball, location: 2F 0-2: Ball 1-2: DOUBLE (Groundball, 3L, EV 103.1 MPH)
|
|
Batting: RHB Dave Lebeau
|
0-0: Called Strike 0-1: Ground out 5-3 (Groundball, 56S, EV 90.0 MPH)
|
|
Batting: RHB Carmelo Martinez
|
0-0: Swinging Strike 0-1: Ball 1-1: Foul Ball, location: 2F 1-2: Reached on error, E6 (Groundball, 6, EV 76.3 MPH) Kal Daniels to third
|
|
Batting: LHB Fred McGriff
|
0-0: Ball 1-0: Called Strike 1-1: Ball 2-1: Ball 3-1: Base on Balls Carmelo Martinez to second
|
|
Batting: RHB Terry McGriff
|
0-0: SINGLE (Line Drive, 8RM, EV 97.5 MPH) Kal Daniels scores Carmelo Martinez to third Fred McGriff to second Runner from 3rd tries for Home, SAFE, throw by CF to home
|
|
Batting: RHB Mark Van Blaricom
|
0-0: Ball 1-0: Called Strike 1-1: Foul Ball, location: 2F 1-2: Ball 2-2: Strikes out swinging
|
| Bottom of the 3rd over - 2 runs, 2 hits, 1 error, 2 left on base; Reno 0 - Lodi 3 |
| TOP OF THE 4TH |
|
Reno Silver Sox batting - Pitching for Lodi Crushers : RHP Homer Moncrief
|
|
Batting: RHB Luis Cabanas
|
0-0: Ball 1-0: Fly out, F7 (Flyball, 78D, EV 104.4 MPH)
|
|
Batting: RHB Bill Crone
|
0-0: Swinging Strike 0-1: Ball 1-1: Foul Ball, location: 2F 1-2: Ball 2-2: Ground out 4-3 (Groundball, 4M, EV 88.1 MPH)
|
|
Batting: LHB Kevin Rigby
|
0-0: Called Strike 0-1: Ground out 5-3 (Groundball, 56, EV 89.4 MPH)
|
| Top of the 4th over - 0 runs, 0 hits, 0 errors, 0 left on base; Reno 0 - Lodi 3 |
| BOTTOM OF THE 4TH |
|
Lodi Crushers batting - Pitching for Reno Silver Sox : RHP Rodger Cole
|
|
Batting: RHB Ron Karkovice
|
0-0: Called Strike 0-1: Fly out, F9 (Flyball, 9LM, EV 91.9 MPH)
|
|
Batting: LHB Jeff Reed
|
0-0: Ball 1-0: Called Strike 1-1: Ball 2-1: SINGLE (Flyball, 6D, EV 92.5 MPH)
|
|
Batting: RHB Chris Baker
|
0-0: Ball 1-0: Ball 2-0: Fly out, F4 (Popup, 4S, EV 80.0 MPH)
|
|
Batting: LHB Kal Daniels
|
0-0: SINGLE (Line Drive, 8RS, EV 108.8 MPH) Jeff Reed to second
|
|
Batting: RHB Dave Lebeau
|
0-0: Ball 1-0: Ground out 2-3 (Groundball, 15S, EV 68.8 MPH)
|
| Bottom of the 4th over - 0 runs, 2 hits, 0 errors, 2 left on base; Reno 0 - Lodi 3 |
| TOP OF THE 5TH |
|
Reno Silver Sox batting - Pitching for Lodi Crushers : RHP Homer Moncrief
|
|
Batting: LHB Gregory Shirley
|
0-0: Called Strike 0-1: Ground out 6-3 (Groundball, 6, EV 91.9 MPH)
|
|
Batting: LHB Andrew Timko
|
0-0: Called Strike 0-1: Reached on error, E4 (Groundball, 4, EV 101.3 MPH)
|
|
Batting: RHB Lemmie Miller
|
0-0: Foul Ball, location: 2F 0-1: Ball 1-1: Swinging Strike 1-2: Foul Ball, location: 2F 1-2: Ball 2-2: Strikes out swinging
|
|
Batting: RHB Rod Hobbs
|
0-0: Ground out 6-3 (Groundball, 56, EV 102.5 MPH)
|
| Top of the 5th over - 0 runs, 0 hits, 1 error, 1 left on base; Reno 0 - Lodi 3 |
| BOTTOM OF THE 5TH |
|
Lodi Crushers batting - Pitching for Reno Silver Sox : RHP Rodger Cole
|
|
Batting: RHB Carmelo Martinez
|
0-0: Ball 1-0: Ball 2-0: Ball 3-0: Called Strike 3-1: Called Strike 3-2: Fly out, F8 (Line Drive, 8RM, EV 90.0 MPH)
|
|
Batting: LHB Fred McGriff
|
0-0: Ball 1-0: Foul Ball, location: 2F 1-1: Fly out, F8 (Flyball, 89M, EV 85.6 MPH)
|
|
Batting: RHB Terry McGriff
|
0-0: Foul Ball, location: 2F 0-1: Ball 1-1: SINGLE (Line Drive, 7S, EV 106.9 MPH)
|
|
Batting: RHB Mark Van Blaricom
|
0-0: Called Strike 0-1: Fielders Choice at 2nd, U6 (Groundball, 6M, EV 106.3 MPH)
|
| Bottom of the 5th over - 0 runs, 1 hit, 0 errors, 1 left on base; Reno 0 - Lodi 3 |
| TOP OF THE 6TH |
|
Reno Silver Sox batting - Pitching for Lodi Crushers : RHP Homer Moncrief
|
|
Batting: LHB Victor Diaz
|
0-0: Called Strike 0-1: Swinging Strike 0-2: Ball 1-2: Ball 2-2: Ball 3-2: Ground out 3-1 (Groundball, 34S, EV 86.9 MPH)
|
|
Batting: LHB Mike Hocutt
|
0-0: Called Strike 0-1: Called Strike 0-2: Ball 1-2: Foul Ball, location: 2F 1-2: Foul Ball, location: 2F 1-2: Strikes out swinging
|
|
Batting: RHB Luis Cabanas
|
0-0: Fly out, F3 (Line Drive, 3, EV 68.8 MPH)
|
| Top of the 6th over - 0 runs, 0 hits, 0 errors, 0 left on base; Reno 0 - Lodi 3 |
| BOTTOM OF THE 6TH |
|
Lodi Crushers batting - Pitching for Reno Silver Sox : RHP Rodger Cole
|
|
Batting: RHB Ron Karkovice
|
0-0: Called Strike 0-1: Ball 1-1: Fly out, F4 (Popup, 4M, EV 55.0 MPH)
|
|
Batting: LHB Jeff Reed
|
0-0: Called Strike 0-1: Foul Ball, location: 2F 0-2: Ball 1-2: Ground out 6-3 (Groundball, 6MS, EV 73.8 MPH)
|
|
Batting: RHB Chris Baker
|
0-0: Called Strike 0-1: Ball 1-1: Foul Ball, location: 2F 1-2: Ball 2-2: Foul Ball, location: 2F 2-2: Ball 3-2: Base on Balls
|
|
Batting: LHB Kal Daniels
|
0-0: Called Strike 0-1: Foul Ball, location: 2F 0-2: Foul Ball, location: 2F 0-2: Ball 1-2: Foul Ball, location: 2F 1-2: Ball 2-2: Foul Ball, location: 2F 2-2: SINGLE (Groundball, 34D, EV 103.8 MPH) Chris Baker to second Runner from 2nd tries for 3rd, SAFE, no throw by RF
|
|
Batting: RHB Dave Lebeau
|
0-0: Swinging Strike 0-1: Foul Ball, location: 2F 0-2: Ball 1-2: Foul Ball, location: 2F 1-2: Ball 2-2: Fly out, F9 (Flyball, 9S, EV 89.4 MPH)
|
| Bottom of the 6th over - 0 runs, 1 hit, 0 errors, 2 left on base; Reno 0 - Lodi 3 |
| TOP OF THE 7TH |
|
Reno Silver Sox batting - Pitching for Lodi Crushers : RHP Homer Moncrief
|
|
Batting: RHB Bill Crone
|
0-0: Ball 1-0: Foul Ball, location: 2F 1-1: Foul Ball, location: 2F 1-2: Foul Ball, location: 2F 1-2: DOUBLE (Flyball, 8LD, EV 107.5 MPH)
|
|
Batting: LHB Kevin Rigby
|
0-0: Foul Ball, location: 2F 0-1: Ball 1-1: Ball 2-1: Ball 3-1: Base on Balls
|
|
Batting: LHB Gregory Shirley
|
0-0: Foul Ball, location: 2F 0-1: Foul Ball, location: 2F 0-2: DOUBLE (Flyball, 8LXD, EV 104.4 MPH) Bill Crone scores Kevin Rigby to third Runner from 3rd tries for Home, SAFE, no throw by CF
|
|
Batting: LHB Andrew Timko
|
0-0: Ball 1-0: Ground out 4-3 (Groundball, 4, EV 91.9 MPH) Gregory Shirley to third
|
|
Batting: RHB Lemmie Miller
|
0-0: Ball 1-0: Ball 2-0: Foul Ball, location: 2F 2-1: Foul Ball, location: 2F 2-2: Ball 3-2: Base on Balls
|
|
Batting: RHB Rod Hobbs
|
0-0: Ball Lemmie Miller steals 2nd base 1-0: Ball 2-0: Ground out 5-3 (Groundball, 56, EV 81.9 MPH) Gregory Shirley scores
|
|
Batting: LHB Victor Diaz
|
0-0: Ball 1-0: Ball 2-0: Called Strike 2-1: SINGLE (Line Drive, 89M, EV 103.8 MPH) Lemmie Miller to third Runner from 3rd tries for Home, SAFE, throw by RF to home Victor Diaz to second
|
|
Batting: LHB Mike Hocutt
|
0-0: Foul Ball, location: 2F 0-1: Ball 1-1: Foul Ball, location: 2F 1-2: Ball 2-2: Ball 3-2: Foul Ball, location: 2F 3-2: Foul Ball, location: 2F 3-2: Base on Balls
|
|
Batting: RHB Luis Cabanas
|
0-0: Called Strike 0-1: Foul Ball, location: 2F 0-2: Ball 1-2: Foul Ball, location: 2F 1-2: Foul Ball, location: 2F 1-2: Ball 2-2: Ball 3-2: Base on Balls Victor Diaz to third Mike Hocutt to second
|
|
Batting: RHB Bill Crone
|
0-0: Called Strike 0-1: Ball 1-1: Fielders Choice at 2nd, 5-4 (Groundball, 56, EV 79.4 MPH)
|
| Top of the 7th over - 4 runs, 3 hits, 0 errors, 3 left on base; Reno 4 - Lodi 3 |
| BOTTOM OF THE 7TH |
|
Lodi Crushers batting - Pitching for Reno Silver Sox : RHP Rodger Cole
|
|
Batting: RHB Carmelo Martinez
|
0-0: Ball 1-0: Ball 2-0: Ball 3-0: Called Strike 3-1: Base on Balls
|
|
Batting: LHB Fred McGriff
|
0-0: Called Strike 0-1: Ground out 4-3 (Groundball, 4D, EV 101.3 MPH) Carmelo Martinez to second
|
|
Batting: RHB Terry McGriff
|
0-0: Ball 1-0: SINGLE (Line Drive, 9S, EV 110.6 MPH) Carmelo Martinez to third
|
|
Batting: RHB Mark Van Blaricom
|
0-0: Called Strike 0-1: Foul Ball, location: 2F 0-2: Foul Ball, location: 2F 0-2: Ball 1-2: Strikes out looking
|
|
Batting: RHB Ron Karkovice
|
0-0: Fly out, F7 (Flyball, 7S, EV 93.1 MPH)
|
| Bottom of the 7th over - 0 runs, 1 hit, 0 errors, 2 left on base; Reno 4 - Lodi 3 |
| TOP OF THE 8TH |
|
Reno Silver Sox batting - Pitching for Lodi Crushers : RHP Homer Moncrief
|
|
Batting: LHB Kevin Rigby
|
0-0: Ball 1-0: Called Strike 1-1: Ball 2-1: Fly out, F7 (Line Drive, 7D, EV 96.3 MPH)
|
|
Batting: LHB Gregory Shirley
|
0-0: Ball 1-0: Called Strike 1-1: Ball 2-1: Ground out U3 (Groundball, 3, EV 90.0 MPH)
|
|
Batting: LHB Andrew Timko
|
0-0: Ball 1-0: Foul Ball, location: 2F 1-1: Ball 2-1: Foul Ball, location: 2F 2-2: Ball 3-2: Fly out, F8 (Flyball, 8LXD, EV 100.6 MPH)
|
| Top of the 8th over - 0 runs, 0 hits, 0 errors, 0 left on base; Reno 4 - Lodi 3 |
| BOTTOM OF THE 8TH |
|
Lodi Crushers batting - Pitching for Reno Silver Sox : RHP Rodger Cole
|
|
Batting: LHB Jeff Reed
|
0-0: Ball 1-0: Ball 2-0: Fly out, F6 (Line Drive, 6, EV 73.1 MPH)
|
|
Pitching: LHP Mike Thompson
|
|
|
Batting: RHB Chris Baker
|
0-0: Ball 1-0: Called Strike 1-1: Swinging Strike 1-2: Foul Ball, location: 2F 1-2: Ball 2-2: Ball 3-2: Strikes out looking and he ARGUES THE CALL AND IS TOSSED!
|
|
Batting: LHB Kal Daniels
|
0-0: Ball 1-0: Ball 2-0: Ball 3-0: Base on Balls
|
|
Batting: RHB Dave Lebeau
|
0-0: Ball 1-0: Ball 2-0: Foul Ball, location: 2F 2-1: Swinging Strike 2-2: Ground out 4-3 (Groundball, 34, EV 81.9 MPH)
|
| Bottom of the 8th over - 0 runs, 0 hits, 0 errors, 1 left on base; Reno 4 - Lodi 3 |
| TOP OF THE 9TH |
|
Reno Silver Sox batting - Pitching for Lodi Crushers : RHP Homer Moncrief
|
|
Pitching: RHP Ted Davis
|
|
|
Now in CF: Rickey Coleman
|
|
|
Batting: RHB Lemmie Miller
|
0-0: Ball 1-0: Ball 2-0: Ground out 5-3 (Groundball, 5S, EV 84.4 MPH)
|
|
Batting: RHB Rod Hobbs
|
0-0: Foul Ball, location: 2F 0-1: Fly out, F7 (Flyball, 7LD, EV 107.5 MPH)
|
|
Batting: LHB Victor Diaz
|
0-0: Ground out 3-1 (Groundball, 13, EV 81.3 MPH)
|
| Top of the 9th over - 0 runs, 0 hits, 0 errors, 0 left on base; Reno 4 - Lodi 3 |
| BOTTOM OF THE 9TH |
|
Lodi Crushers batting - Pitching for Reno Silver Sox : LHP Mike Thompson
|
|
Pitching: RHP Steve Eddy
|
|
|
Batting: RHB Carmelo Martinez
|
0-0: Called Strike 0-1: SINGLE (Groundball, 6MD, EV 106.9 MPH)
|
|
Batting: LHB Fred McGriff
|
0-0: Swinging Strike 0-1: Grounds into double play, 6-4-3 (Groundball, 6, EV 83.1 MPH)
|
|
Batting: RHB Terry McGriff
|
0-0: Ball 1-0: Called Strike 1-1: SINGLE (Groundball, 34D, EV 96.3 MPH)
|
|
Batting: RHB Mark Van Blaricom
|
0-0: Swinging Strike 0-1: Ball 1-1: SINGLE (Flyball, 4D, EV 92.5 MPH) Terry McGriff to second Runner from 2nd tries for 3rd, SAFE, no throw by CF
|
|
Pinch Hitting: SHB Michael Madril
|
0-0: Ground out 4-3 (Groundball, 4, EV 81.9 MPH)
|
| Bottom of the 9th over - 0 runs, 3 hits, 0 errors, 2 left on base; Reno 4 - Lodi 3 |
|